 Dungeon Crawl Stone Soup version 0.30-a0-760-g5a9884bb7c (webtiles) character file.

Game seed: 7467031837294318061

46 Angani the Magician (level 3, 0/26 HPs)
             Began as a Draconian Hedge Wizard on Feb 10, 2023.
             Was a Follower of Qazlal.
             Slain by a worm (5 damage)
             ... on level 2 of the Dungeon.
             The game lasted 00:02:47 (1634 turns).

Angani the Magician (Draconian Hedge Wizard)        Turns: 1634, Time: 00:02:48

Health: 0/26       AC:  7    Str: 12    XL:     3   Next: 46%
Magic:  2/7        EV: 12    Int: 16    God:    Qazlal [*.....]
Gold:   117        SH:  2    Dex: 10    Spells: 7/8 levels left

rFire   . . .      SeeInvis +    a - +0 dagger
rCold   . . .      Faith    .    (no shield)
rNeg    . . .      Spirit   .    (body armour unavailable)
rPois   .          Reflect  .    b - +1 hat
rElec   .          Harm     .    (no cloak)
rCorr   .          Rampage  .    (no gloves)
Will    .....                    h - +0 pair of boots
Stlth   ++                       f - amulet of the acrobat
HPRegen 0.24/turn                k - ring of see invisible
MPRegen 0.10/turn                (no ring)

@: no status effects
A: AC +5, unfitting armour, cold-blooded
a: Renounce Religion


You were on level 2 of the Dungeon.
You worshipped Qazlal.
Qazlal was aware of your devotion.
You visited 1 branch of the dungeon, and saw 2 of its levels.

You collected 117 gold pieces.

Inventory:

Hand Weapons
 a - a +0 dagger (weapon)
Missiles
 e - 6 datura-tipped darts
 n - 4 poisoned darts
Armour
 b - a +1 hat (worn)
 h - a +0 pair of boots (worn)
Jewellery
 f - an amulet of the acrobat (around neck)
 k - a ring of see invisible (left hand)
Scrolls
 d - a scroll of butterflies {unknown}
 g - a scroll of torment
 i - a scroll of brand weapon
Potions
 c - a potion of magic
 j - 2 potions of resistance
 m - 3 potions of heal wounds {unknown}


   Skills:
 - Level 1.7 Dodging
 - Level 1.7 Stealth
 + Level 3.4 Spellcasting
 * Level 2.9 Conjurations
 - Level 1.0 Summonings
 - Level 1.0 Translocations


You had 7 spell levels left.
You knew the following spells:

 Your Spells              Type           Power      Damage    Failure   Level
a - Magic Dart            Conj           48%        1d5       5%          1

Your spell library contained the following spells:

 Spells                   Type           Power      Damage    Failure   Level
 Apportation              Tloc           12%        N/A       12%         1
 Summon Small Mammal      Summ           24%        N/A       12%         1
 Static Discharge         Conj/Air       14%        2-3/arc   16%         2
 Necrotise                Necr           8%         1d4       19%         1
 Slow                     Hex            8%         N/A       19%         1
 Blink                    Tloc           12%        N/A       19%         2
 Call Imp                 Summ           6%         N/A       19%         2
 Cigotuvi's Dreadful Rot  Necr/Pois/Air  4%         N/A       26%         2
 Mephitic Cloud           Conj/Pois/Air  5%         N/A       36%         3
 Vhi's Electric Charge    Tloc/Air       8%         N/A       41%         3
 Arcjolt                  Conj/Air       3%         1d13      95%         5
 Lightning Bolt           Conj/Air       3%         1d15      95%         5


Dungeon Overview and Level Annotations

Branches:
Dungeon (2/15)

Altars:
Qazlal


Innate Abilities, Weirdness & Mutations

Your plain brown scales are hard. (AC +5)
You cannot fit into any form of body armour.
You are cold-blooded and may be slowed by cold attacks.


Message History

You hit the worm but do no damage. You hit the worm but do no damage.
You tail-slap the worm.
The worm is lightly wounded.
You block the worm's attack.
You barely miss the worm. The worm bites you!
You hit the worm.
The worm is lightly wounded.
You hit the worm.
The worm is lightly wounded.
The worm barely misses you.
You hit the worm. You tail-slap the worm.
The worm is moderately wounded.
You hit the worm. You tail-slap the worm.
The worm is heavily wounded.
The worm bites you.
You barely miss the worm. You tail-slap the worm.
The worm is heavily wounded.
The worm misses you.
You hit the worm but do no damage.
The worm is heavily wounded.
You hit the worm.
The worm is severely wounded.
The worm barely misses you.
You hit the worm but do no damage.
The worm is severely wounded.
You barely miss the worm.
The worm is severely wounded.
The worm bites you but does no damage.
You hit the worm.
You tail-slap the worm, but do no damage.
The worm is severely wounded.
The worm bites you!
* * * LOW HITPOINT WARNING * * *
You barely miss the worm.
Your tail-slap misses the worm.
The worm is heavily wounded.
You hit the worm.
You tail-slap the worm, but do no damage.
The worm is severely wounded.
The worm bites you.
You die...

#.......## ...
#.#.##.## #.#
#.#.#..# #.##
#.#>..#######..#
#.##......?....#
#.##.#.#''#.#..#
#......#..#....#
#.##.########.w#
#)##.'....#.††@#
#.##.'..).#.'..#
#..#.########..#
##.....#..#...##
##..#.#''#.#.#
#.....).....#
#........####
##########


You could see a worm.

Vanquished Creatures
  An adder (D:2)
  2 dart slugs
  A bat (D:2)
  7 endoplasms
  2 giant cockroaches
  A goblin (D:2)
  7 hobgoblins
  2 ball pythons (D:2)
  A frilled lizard (D:1)
  4 kobolds
  3 rats (D:1)
31 creatures vanquished.

Notes
Turn   | Place    | Note
-------+----------+-------------------------------------------
     0 | D:1      | Angani the Draconian Hedge Wizard began the quest for the
                  | Orb.
     0 | D:1      | Reached XP level 1. HP: 14/14 MP: 4/4
   254 | D:1      | Reached XP level 2. HP: 20/20 MP: 3/6
  1200 | D:2      | Found a faded altar of an unknown god.
  1217 | D:2      | Prayed at the altar of an unknown god.
  1217 | D:2      | Became a worshipper of Qazlal Stormbringer
  1217 | D:2      | Reached * piety under Qazlal
  1416 | D:2      | Reached XP level 3. HP: 18/26 MP: 0/7
  1634 | D:2      | Slain by a worm

Illustrated notes

Levels and vault maps discovered:
D:1:      mrwooster_arrival_arrow, layout_loops_ring
D:2:      layout_basic, chequers_ecumenical_altar_island, minmay_mini_jars

Skill      XL: |  1  2 |
---------------+-------+-----
Conjurations   | 2 |  2.9
Dodging        | |  1.7
Stealth        | |  1.7
Spellcasting   | |  3.4
Summonings     | |  1.0
Translocations | |  1.0

Action                     || total
---------------------------++-------
  Melee: Dagger            ||    49
         Tailslap          ||    12
   Cast: Magic Dart        ||    72
    Use: Scroll            ||     8
 Armour: Skin              ||    19
  Dodge: Dodged            ||    41
  Block: Other             ||     4

Table legend: (Time is in decaauts)
 A = Elapsed time spent in this place.
 B = Non-inter-level travel time spent in this place.
 C = Inter-level travel time spent in this place.
 D = Time resting spent in this place.
 E = Time spent auto-exploring this place.
 F = Levels seen in this place.
 G = Mean time per level.
                   A        B        C        D        E       F      G
               +--------+--------+--------+--------+--------+-----+--------+
         Total |   1640 |   1604 |     36 |    150 |   1178 |   2 |  820.0 |
       Dungeon |   1640 |   1604 |     36 |    150 |   1178 |   2 |  820.0 |
               +--------+--------+--------+--------+--------+-----+--------+

Top non-repeatable levels by time:
     D:1: 1138 daAuts
     D:2: 502 daAuts
